 Dungeon Crawl Stone Soup version 0.29.1-13-g9f3cf754e1 (webtiles) character file.

Game seed: 1429541863110192333

354 cowcol the Trooper (level 6, -1/53 HPs)
             Began as a Minotaur Monk on Jan 30, 2023.
             Slain by Pikel
             ... wielding a +2 whip of freezing
              (3 damage)
             ... on level 4 of the Dungeon.
             The game lasted 00:09:14 (3261 turns).

cowcol the Trooper (Minotaur Monk)                  Turns: 3261, Time: 00:09:15

Health: -1/53      AC:  6    Str: 18    XL:     6   Next: 35%
Magic:  5/5        EV: 12    Int:  7    God:
Gold:   191        SH:  0    Dex: 12    Spells: 5/5 levels left

rFire   . . .      SeeInvis +   p - +0 long sword
rCold   . . .      Faith    .   (no shield)
rNeg    . . .      Spirit   .   n - +0 ring mail
rPois   .          Reflect  .   (helmet restricted)
rElec   .          Harm     .   (no cloak)
rCorr   .          Rampage  .   t - +0 pair of gloves
Will    .....                   (no boots)
Stlth   +.........              (no amulet)
HPRegen 0.17/turn               m - ring of see invisible
MPRegen 0.09/turn               (no ring)

@: invisible
A: horns 2, retaliatory headbutt
a: no special abilities


You were on level 4 of the Dungeon.
You visited 1 branch of the dungeon, and saw 4 of its levels.

You collected 191 gold pieces.

Inventory:

Hand Weapons
 a - a +0 hand axe
 f - a +0 dagger
 l - a +0 vorpal war axe
 p - a +0 long sword (weapon)
Missiles
 b - 6 curare-tipped darts
 g - 24 stones (quivered)
Armour
 n - a +0 ring mail (worn)
 t - a +0 pair of gloves (worn)
Jewellery
 m - a ring of see invisible (left hand)
Scrolls
 d - a scroll of silence
 i - a scroll of teleportation
 o - a scroll of blinking {unknown}
Potions
 c - 2 potions of ambrosia
 e - a potion of curing {unknown}
 j - a potion of attraction {unknown}
 k - a potion of haste {unknown}
 r - a potion of lignification {unknown}
 u - a potion of cancellation


   Skills:
 + Level 4.5 Fighting
 * Level 3.8 Long Blades
 * Level 4.4 Axes
 + Level 1.1 Throwing
 * Level 3.3 Armour
 + Level 4.2 Dodging
 + Level 2.2 Stealth


You had 5 spell levels left.
You didn't know any spells.
Your spell library contained the following spells:

 Spells                   Type           Power      Damage    Failure   Level
 Freeze                   Ice            0%         1d3       63%         1
 Freezing Cloud           Conj/Ice/Air   0%         6-21      100%        5
 Summon Mana Viper        Hex/Summ       0%         N/A       100%        5
 Simulacrum               Ice/Necr       0%         N/A       100%        6


Dungeon Overview and Level Annotations

Branches:
Dungeon (4/15)
 Temple: D:4-7

Altars:
Ashenzari
Elyvilon
Wu Jian

Annotations:
D:4 Pikel


Innate Abilities, Weirdness & Mutations

You have a pair of horns on your head.
You reflexively headbutt those who attack you in melee.


Message History

Aiming: Paralyse
Press: ? - help, Shift-Dir - straight line, f - Blork the orc
Aim: Blork the orc, wielding a +0 long sword and wearing a +0 robe (asleep, chance to affect: 49%) Blork the orc shouts!
Blork the orc suddenly stops moving!
The now-empty wand crumbles to dust.
You hear a shout! x4
A lemure comes into view.
The lemure shouts!
Pikel, 3 lemures and a hobgoblin come into view.
Pikel is wielding a +2 whip of freezing and wearing a +2 robe of willpower.
Found 2 stones and a scroll of teleportation.
The lemure shouts! x3
The helpless Blork the orc fails to defend himself.
You slash Blork the orc!
Blork the orc is moderately wounded.
Pikel hits you with a +2 whip of freezing!
Pikel freezes you.
The helpless Blork the orc fails to defend himself.
You hit Blork the orc. You headbutt Blork the orc.
Blork the orc is severely wounded.
Pikel misses you.
The lemure hits you. x4; Pikel barely misses you.
You furiously retaliate!
You headbutt Pikel, but do no damage.
The helpless Blork the orc fails to defend himself.
You hit Blork the orc. You headbutt Blork the orc.
Blork the orc is almost dead.
The lemure hits you. Pikel hits you but does no damage.
The lemure barely misses you.
The helpless Blork the orc fails to defend himself.
You hit Blork the orc.
You kill Blork the orc!
Pikel hits you with a +2 whip of freezing.
Pikel freezes you. The lemure misses you. The lemure hits you!
* * * LOW HITPOINT WARNING * * *
The hobgoblin hits you.
* * * LOW HITPOINT WARNING * * *
You fade into invisibility!
Pikel hits you with a +2 whip of freezing!
* * * LOW HITPOINT WARNING * * *
Pikel freezes you.
You die...

########
#......#
#..?...#
###......#
#........##.
#.5.(.......
#g55........
#)@K###...#
####5...#
#### #..####
...#########
##.##
##.........#
#..#
#####.....#
#.## #.....#
##.#
#.....####..#
#####.#....##


You could see Pikel (unable to see you), 4 lemures and a hobgoblin (unable to
see you).

Vanquished Creatures
  An ogre (D:4)
  Blork the orc (D:4)
  An orc priest (D:3)
  4 gnolls (D:3)
  6 adders
  3 worms
  2 dart slugs
  7 orcs
  9 ball pythons
  6 endoplasms
  3 giant cockroaches
  7 goblins
  2 hobgoblins
  2 jackals (D:3)
  2 quokkas (D:2)
  2 bats
  2 frilled lizards
  4 kobolds
  3 rats (D:2)
67 creatures vanquished.

Notes
Turn   | Place    | Note
-------+----------+-------------------------------------------
     0 | D:1      | cowcol the Minotaur Monk began the quest for the Orb.
     0 | D:1      | Reached XP level 1. HP: 19/19 MP: 0/0
   336 | D:1      | Found a faded altar of an unknown god.
   818 | D:2      | Reached XP level 2. HP: 27/27 MP: 1/1
   836 | D:2      | You fall into a shaft and drop 1 floor!
  1108 | D:2      | Reached skill level 1 in Armour
  1137 | D:2      | Reached XP level 3. HP: 33/33 MP: 2/2
  1701 | D:2      | Reached skill level 1 in Throwing
  1933 | D:2      | Reached XP level 4. HP: 37/40 MP: 3/3
  2013 | D:3      | Found an ornate altar of the Wu Jian Council.
  2079 | D:3      | Reached skill level 1 in Long Blades
  2511 | D:3      | Found a white marble altar of Elyvilon.
  2579 | D:3      | Found a broken altar of Ashenzari.
  2695 | D:3      | Reached XP level 5. HP: 37/46 MP: 4/4
  2942 | D:3      | Got the Quarto of Spellbinding and Hypothermia
  3109 | D:4      | Noticed an ogre
  3117 | D:4      | Killed an ogre
  3118 | D:4      | Reached XP level 6. HP: 53/53 MP: 5/5
  3253 | D:4      | Noticed Blork the orc
  3255 | D:4      | Noticed Pikel
  3260 | D:4      | Killed Blork the orc
  3261 | D:4      | HP: 2/53 [Pikel/+2 whip of freezing (7)]
  3261 | D:4      | Slain by Pikel

Illustrated notes

Levels and vault maps discovered:
D:1:      amcnicky_arrival_feature_with_door, layout_basic,
          dreamdust_ecumenical_altar_statues, kennysheep_decorative_pillar
D:2:      minmay_chambers_of_ones, layout_basic
D:3:      layout_rooms, lemuel_round_altar, mainiacjoe_overflow_catch_the_wave,
          minmay_cupped
D:4:      layout_basic, uniq_blork_the_orc, uniq_pikel

Skill      XL: |  1  2  3  4  5 |
---------------+----------------+-----
Fighting       | 4 |  4.5
Axes           | 4 |  4.4
Armour         | 1 2 3 |  3.3
Throwing       | 1 |  1.1
Dodging        | 4 |  4.2
Long Blades    | 1 3 |  3.8
Stealth        | 2 |  2.2

Action                   |  1- 3 |  4- 6 || total
-------------------------+-------+-------++-------
Melee: Hand axe          |    25 |       ||    25
       Headbutt          |     8 |    13 ||    21
       War axe           |    45 |       ||    45
       Long sword        |       |    77 ||    77
       Punch             |       |     1 ||     1
Throw: Stone             |    16 |       ||    16
Evoke: Wand              |     4 |     4 ||     8
  Use: Scroll            |     4 |     1 ||     5
       Potion            |       |     3 ||     3
 Stab: Sleeping          |     2 |       ||     2
       Paralysed         |     2 |     4 ||     6
Armor: Robe              |     5 |       ||     5
       Ring mail         |    14 |    26 ||    40
Dodge: Dodged            |    57 |    67 ||   124
